 Dungeon Crawl Stone Soup version 0.21-a0-513-gdcb3f5e (webtiles) character file.

223218 Gerstahl the Warrior (level 18, -5/153 HPs)
             Began as a Demonspawn Gladiator on Dec 2, 2017.
             Was an Initiate of Gozag.
             Splashed by an acid blob's acid (12 damage)
             ... on level 1 of the Pits of Slime.
             The game lasted 01:18:18 (29651 turns).

Gerstahl the Warrior (Demonspawn Gladiator)        Turns: 29651, Time: 01:18:19

Health: -5/153     AC: -3    Str: 31    XL:     18   Next: 12%
Magic:  0/30       EV: 25    Int: 10    God:    Gozag
Gold:   1295       SH:  0    Dex: 25    Spells: 26/34 levels left

rFire    + + +     SeeInvis .   L - +3 glaive of Terror {speed, +Blink Int+3 Stlth+}
rCold    . . .     Gourm    .   (shield currently unavailable)
rNeg     . . .     Faith    .   R - +3 ring mail of the Thunderstorm {rF+++ Str+7 Int-3}
rPois    .         Spirit   +   (helmet restricted)
rElec    +         Reflect  .   N - +3 cloak of the Equinox {+Fly Slay+2}
rCorr    .         Harm     .   j - +0 pair of gloves
MR       +....     Clarity  +   (no boots)
Stlth    ++........             E - amulet of regeneration
HPRegen  0.75/turn              q - +3 ring of dexterity
MPRegen  0.44/turn              P - ring "Molae" {Str+9 Slay+2}

@: corroded, gold aura
A: horns 2, blurry vision 1, clarity, demonic guardian 3, screaming 1,
electricity resistance, augmentation 2, magic shield, magic regeneration, sturdy
frame 2
}: 2/15 runes: decaying, serpentine
a: Potion Petition, Call Merchant, Bribe Branch, Renounce Religion, Evoke Blink,
Evoke Flight


You were on level 1 of the Pits of Slime.
You worshipped Gozag.
Gozag was most pleased with you.
You were full.

You visited 6 branches of the dungeon, and saw 29 of its levels.
You also visited: Sewer and Bailey.

You collected 12086 gold pieces.
You spent 3049 gold pieces at shops.
You paid 7742 gold pieces to Gozag.

Inventory:

Hand Weapons
 a - a +0 trident
 K - a +3 spear of electrocution
 L - the +3 glaive of Terror (weapon) {speed, +Blink Int+3 Stlth+}
   (You bought it in a shop on level 1 of the Lair of Beasts)

   Attacks with this weapon are significantly faster.
   It affects your intelligence (+3).
   It lets you blink.
   It makes you more stealthy.
Missiles
 D - 2 throwing nets (quivered)
Armour
 j - a +0 pair of gloves (worn)
 N - the +3 cloak of the Equinox (worn) {+Fly Slay+2}
   (You bought it in a shop on level 9 of the Dungeon)

   It affects your accuracy and damage with ranged weapons and melee attacks
   (+2).
   It lets you fly.
 Q - the +5 scale mail of Wecapt {Int+5 Dex+4}
   (You bought it in a shop on level 2 of the Orcish Mines)

   It affects your intelligence (+5).
   It affects your dexterity (+4).
 R - the +3 ring mail of the Thunderstorm (worn) {rF+++ Str+7 Int-3}
   (You bought it in a shop on level 10 of the Dungeon)

   It affects your strength (+7).
   It affects your intelligence (-3).
   It renders you almost immune to fire.
Jewellery
 b - a cursed ring of teleportation {unknown}
 d - an uncursed amulet of the gourmand
 q - a +3 ring of dexterity (left hand)
 t - a +5 ring of protection {unknown}
 E - an amulet of regeneration (around neck)
 P - the ring "Molae" (right hand) {Str+9 Slay+2}
   (You bought it in a shop on level 1 of the Orcish Mines)

   [ring of slaying]

   It affects your strength (+9).
   It affects your accuracy and damage with ranged weapons and melee attacks
   (+2).
Wands
 c - a wand of iceblast (15)
 o - a wand of paralysis (8)
 p - a wand of digging (50)
 u - a wand of flame (74)
 O - a wand of scattershot (3)
Scrolls
 f - a scroll of enchant weapon
 g - 6 scrolls of teleportation
 i - 19 scrolls of identify
 l - 16 scrolls of remove curse
 n - 4 scrolls of magic mapping
 w - 5 scrolls of enchant armour
 y - 3 scrolls of brand weapon
 C - 3 scrolls of fear
Potions
 h - 3 potions of agility
 x - 3 potions of curing
 z - 4 potions of might
 A - 3 potions of flight
 B - 2 potions of haste
 F - a potion of resistance
 I - a potion of brilliance
 J - 3 potions of heal wounds
 T - a potion of magic
Books
 e - a book of Maledictions

   Spells                             Type                      Level
   a - Corona                         Hexes                        1
   b - Ensorcelled Hibernation        Hexes/Ice                    2
   c - Confuse                        Hexes                        3
   d - Tukima's Dance                 Hexes                        3
   e - Dazzling Spray                 Conjuration/Hexes            3
 s - a book of Battle

   Spells                             Type                      Level
   a - Infusion                       Charms                       1
   b - Shroud of Golubria             Charms/Translocation         2
   c - Song of Slaying                Charms                       2
   d - Spectral Weapon                Hexes/Charms                 3
   e - Regeneration                   Charms/Necromancy            3
 v - a book of the Dragon

   Spells                             Type                      Level
   a - Flame Tongue                   Conjuration/Fire             1
   b - Cause Fear                     Hexes                        4
   c - Bolt of Fire                   Conjuration/Fire             6
   d - Dragon Form                    Transmutation                7
   e - Dragon's Call                  Summoning                    9
 G - a book of Burglary

   Spells                             Type                      Level
   a - Swiftness                      Charms/Air                   2
   b - Passwall                       Transmutation/Earth          2
   c - Passage of Golubria            Translocation                4
   d - Lee's Rapid Deconstruction     Earth                        5
   e - Darkness                       Hexes                        6
   f - Invisibility                   Hexes                        6
 H - a book of Spatial Translocations

   Spells                             Type                      Level
   a - Blink                          Translocation                2
   b - Shroud of Golubria             Charms/Translocation         2
   c - Lesser Beckoning               Translocation                3
   d - Gell's Gravitas                Translocation                3
   e - Teleport Other                 Translocation                3
   f - Passage of Golubria            Translocation                4
 S - a book of Callings

   Spells                             Type                      Level
   a - Summon Small Mammal            Summoning                    1
   b - Call Imp                       Summoning                    2
   c - Call Canine Familiar           Summoning                    3
   d - Summon Guardian Golem          Hexes/Summoning              3
   e - Summon Lightning Spire         Summoning/Air                4
   f - Summon Ice Beast               Ice/Summoning                4
Comestibles
 k - 17 meat rations
 m - 3 bread rations
 r - 20 royal jellies
 M - 8 fruits


   Skills:
 + Level 16.7 Fighting
 + Level 15.6 Polearms
 - Level 1.7 Throwing
 - Level 12.5 Armour
 - Level 12.8 Dodging
 + Level 8.8 Spellcasting
 + Level 7.6 Charms


You had 26 spell levels left.
You knew the following spells:

 Your Spells              Type           Power        Failure   Level  Hunger
a - Song of Slaying       Chrm           ###.....     1%          2    #......
b - Confuse               Hex            #.......     43%         3    ###....
c - Regeneration          Chrm/Necr      ##........   10%         3    ###....


Dungeon Overview and Level Annotations

Branches:
Dungeon (12/15)            Temple (0/1) D:4            Lair (6/6) D:11
  Swamp (4/4) Lair:4        Snake (4/4) Lair:4        Slime (1/5) Lair:6
    Orc (2/2) D:10            Elf (0/3) Orc:2

Altars:
Dithmenos
Gozag
Kikubaaqudgha
Makhleb
Nemelex Xobeh
Ru
Uskayaw
Xom
Zin
The Shining One
Beogh

Shops:
D:9 *   D:10 [   Orc:1 =   Orc:2 =(*[   Lair:1 (   Lair:4 *   Snake:4 %!%!!


Innate Abilities, Weirdness & Mutations

You have a pair of horns on your head.
A powerful demonic guardian rushes to your aid.
Your magical and physical power is enhanced at high health.
When hurt, damage is shared between your health and your magic reserves.
You regenerate magic rapidly.
Your movements are less encumbered by armour. (ER -4)
Scrolls take you a little longer to read.
You possess an exceptional clarity of mind.
You occasionally shout uncontrollably at your foes.
You are resistant to electric shocks. (rElec)


Message History

The acid blob completely misses your cacodemon.
The acid blob spits acid at you. The splash of acid hits you!
* * * LOW HITPOINT WARNING * * *
You are splashed with acid!
The acid burns!
* * * LOW HITPOINT WARNING * * *
The acid blob hits your cacodemon!!
Your cacodemon is splashed with acid.
The acid corrodes your cacodemon!
Your cacodemon hits the acid blob!
Your cacodemon is burned by acid!
Your cacodemon hits the acid blob! The acid corrodes your cacodemon!
Your cacodemon is burned by acid!
The acid blob spits acid at you. The splash of acid hits your cacodemon.
Your cacodemon is splashed with acid.
The acid corrodes your cacodemon! The acid blob spits acid at you.
The splash of acid hits you!
* * * LOW HITPOINT WARNING * * *
The acid corrodes you!
You are splashed with acid!
The acid burns!
You die...
Your body crumbles into a pile of gold.

##...##.#..##
####...........# .#.##
##.#............#
.....##..........<....#
......##.............##
......................###
#.......................## ##
#....G........>..........##.#
#........J..@................
.......$.J................#.#
..............#..............
........2.........#..........
.............................
...#.J##..............^......
....## #.#......#.###.......#
.... #...#.....### #....#.##
.. ##.##....## .....###


You could see 3 acid blobs, an eye of draining and a friendly cacodemon.

Vanquished Creatures
  A bone dragon (Swamp:4)
  Jorgrun (Snake:3)
  2 thorn hunters (Swamp:4)
  4 nagarajas
  2 orc warlords
  Louise (Swamp:1)
  19 slime creatures
  The ghost of TenguReborn the Purveyor of Pain, a journeyman TeWz of Kikubaaqudgha (Orc:2)
  Josephine (D:10)
  13 naga warriors
  Fannar (D:11)
  3 ghost crabs (Swamp:4)
  Erica (D:9)
  2 catoblepae
  9 anacondas
  The ghost of theanonym the Basher, a journeyman GrFi of Xom (Orc:1)
  9 alligators
  8 hydras
  3 two-headed ogres
  A deep troll shaman (Lair:6)
  10 death yaks
  4 orc high priests (Orc:2)
  11 naga sharpshooters
  9 shock serpents
  2 spriggans
  2 salamander mystics
  A spriggan druid (Swamp:2)
  An unseen horror (D:11)
  11 naga ritualists
  3 swamp dragons
  5 shambling mangroves
  9 mana vipers
  4 orc knights
  2 shining eyes (Slime:1)
  2 orc sorcerers
  An ugly thing (D:12)
  An oklob plant (D:11)
  6 salamanders
  3 elephants
  An eye of devastation (Slime:1)
  45 black mambas
  2 guardian serpents
  10 spiny frogs
  30 naga magi
  A torpor snail (Lair:5)
  3 komodo dragons
  2 swamp worm zombies (Swamp:4)
  3 rime drakes
  A hydra zombie (Swamp:4)
  4 trolls
  13 hornets
  3 polar bears
  4 tyrant leeches
  3 spectral swamp dragons (Swamp:4)
  4 bog bodies
  8 blink frogs
  13 hippogriffs
  4 dream sheep (Lair:5)
  3 alligator zombies (Swamp:4)
  3 shadows
  5 wraiths
  2 wyverns
  34 yaks
  5 hogs (Swamp:1)
  A basilisk (Lair:4)
  7 vampire mosquitoes
  4 hungry ghosts
  Menkaure (D:6)
  Edmund (D:4)
  41 nagas
  6 wargs
  17 swamp worms
  5 insubstantial wisps
  An acid dragon (D:11)
  9 water moccasins
  9 porcupines
  4 swamp drakes
  3 sky beasts
  26 orc warriors
  4 ice beasts
  3 black bears
  2 swamp dragon zombies (Swamp:4)
  2 eyes of draining
  A necrophage (D:10)
  7 ogres
  7 phantoms
  4 wolves (Lair:6)
  14 crocodiles
  Blork the orc (D:5)
  2 big kobolds
  17 bullfrogs
  2 scorpions
  25 killer bees
  3 wights (D:7)
  A howler monkey (D:7)
  A bullfrog zombie (D:9)
  A quasit (D:11)
  4 crimson imps
  3 jellies
  7 hounds
  Crazy Yiuf (D:2)
  4 orc priests
  15 orc wizards
  A bullfrog skeleton (D:11)
  A centaur skeleton (D:9)
  9 worker ants
  3 iguanas
  Ijyb (D:4)
  Natasha (D:3)
  A spectral swamp drake (Swamp:4)
  2 hound zombies
  A hound skeleton (D:8)
  A worker ant zombie (D:9)
  Robin (D:3)
  9 gnolls
  2 howler monkey skeletons (D:5)
  18 adders
  An ooze (D:7)
  An adder zombie (D:7)
  3 worms
  3 dart slugs
  8 leopard geckos
  41 orcs
  11 giant cockroaches
  18 goblins
  9 hobgoblins
  13 jackals
  7 quokkas
  2 ball pythons
  8 bats
  10 frilled lizards
  A jackal skeleton (D:5)
  A jackal zombie (D:6)
  25 kobolds
  6 rats
  2 briar patches (Swamp:3)
  A plant (D:11)
864 creatures vanquished.

Vanquished Creatures (collateral kills)
  An acid blob (Slime:1)
  A thorn hunter (Swamp:3)
  3 nagarajas (Snake:4)
  Kirke (Swamp:1)
  2 hydras (Lair:6)
  3 naga warriors
  2 catoblepae (Lair:6)
  2 anacondas
  A ghost crab (Swamp:4)
  A two-headed ogre (D:10)
  6 death yaks (Lair:6)
  2 orc high priests (Orc:2)
  Sonja (D:12)
  5 naga sharpshooters
  A salamander mystic (Snake:3)
  A spectral hydra (Swamp:4)
  A swamp dragon (Swamp:3)
  4 mana vipers
  3 salamanders
  5 elephants
  4 black mambas
  A guardian serpent (Snake:3)
  7 naga magi
  2 spiny frogs (Lair:3)
  A swamp worm zombie (Swamp:4)
  A hydra zombie (Swamp:4)
  A queen bee (D:11)
  A hornet (Swamp:2)
  A bog body (Swamp:4)
  2 spectral swamp dragons (Swamp:4)
  An alligator zombie (Swamp:4)
  7 blink frogs (Lair:6)
  2 hippogriffs
  7 dream sheep (Lair:6)
  A slime creature (Swamp:1)
  10 yaks
  4 vampire mosquitoes
  5 nagas
  3 insubstantial wisps
  A water moccasin (Lair:4)
  A swamp drake (Swamp:1)
  A sky beast (D:10)
  3 orc warriors (Orc:2)
  3 ogres
  A phantom (Swamp:4)
  2 swamp dragon zombies (Swamp:4)
  2 crocodiles (Lair:6)
  3 bullfrogs
  8 killer bees (D:11)
  A crimson imp (D:6)
  3 orc priests
  4 orc wizards
  Terence (D:2)
  Natasha (twice) (D:3)
  A spectral swamp drake (Swamp:4)
  A worker ant (D:4)
  An adder (D:3)
  A shadow imp (D:10)
  A worm (D:3)
  3 orcs
  7 goblins
  2 hobgoblins
  A quokka (D:6)
  A fungus (Orc:2)
162 creatures vanquished.

Vanquished Creatures (others)
  A naga ritualist (Snake:4)
  A human (Swamp:2)
  5 insubstantial wisps (Swamp:4)
  2 fungi (Orc:2)
  A plant (D:11)
10 creatures vanquished.

Grand Total: 1036 creatures vanquished

Notes
Turn   | Place    | Note
-------+----------+-------------------------------------------
     0 | D:1      | Gerstahl the Demonspawn Gladiator began the quest for the Orb.
     0 | D:1      | Reached XP level 1. HP: 16/16 MP: 1/1
   206 | D:1      | Gained mutation: A weak demonic guardian rushes to your aid. [demonic ancestry]
   206 | D:1      | Reached XP level 2. HP: 9/23 MP: 2/2
   410 | D:1      | Found a sparkling altar of Nemelex Xobeh.
  1017 | D:2      | Reached XP level 3. HP: 24/28 MP: 3/3
  1045 | D:2      | Reached skill level 3 in Fighting
  1456 | D:2      | Found a burning altar of Makhleb.
  1597 | D:2      | Found a runed door.
  1729 | D:2      | Noticed Terence
  1741 | D:2      | Killed Terence
  1741 | D:2      | Gained mutation: Your movements are slightly less encumbered by armour. (ER -2) [demonic ancestry]
  1741 | D:2      | Reached XP level 4. HP: 32/35 MP: 4/4
  1928 | D:2      | Noticed Crazy Yiuf
  1939 | D:2      | Killed Crazy Yiuf
  2162 | D:3      | Gained mutation: You have a pair of small horns on your head. [demonic ancestry]
  2162 | D:3      | Reached XP level 5. HP: 30/42 MP: 5/5
  2226 | D:3      | Reached skill level 4 in Fighting
  2285 | D:3      | Noticed Natasha
  2297 | D:3      | Killed Natasha
  2436 | D:3      | Noticed Robin
  2447 | D:3      | Killed Robin
  2713 | D:3      | Noticed Natasha
  2713 | D:3      | Found an opulent altar of Gozag.
  2718 | D:3      | Killed Natasha
  2728 | D:3      | Reached XP level 6. HP: 40/49 MP: 6/6
  2740 | D:3      | Became a worshipper of Gozag Ym Sagoz the Greedy
  2809 | D:3      | Noticed Natasha
  2817 | D:3      | Killed Natasha
  3083 | D:4      | Found a staircase to the Ecumenical Temple.
  3117 | D:4      | Found a glowing drain.
  3128 | Sewer    | Entered a sewer
  3177 | Sewer    | Reached skill level 5 in Fighting
  3177 | Sewer    | Reached skill level 5 in Polearms
  3361 | D:4      | Found the +6 lightning scales {run, rElec}
  3460 | D:4      | Noticed an ice beast
  3473 | D:4      | Killed an ice beast
  3473 | D:4      | Reached XP level 7. HP: 48/57 MP: 7/7
  3703 | D:4      | Noticed Edmund
  3719 | D:4      | Killed Edmund
  3719 | D:4      | Reached skill level 6 in Fighting
  3976 | D:4      | Noticed Ijyb
  3990 | D:4      | Paralysed by Ijyb for 2 turns
  3992 | D:4      | Killed Ijyb
  4110 | D:5      | Entered Level 5 of the Dungeon
  4146 | D:5      | Noticed a two-headed ogre
  4155 | D:5      | Killed a two-headed ogre
  4155 | D:5      | Reached skill level 7 in Fighting
  4155 | D:5      | Gained mutation: Your movements are less encumbered by armour. (ER -4) [demonic ancestry]
  4155 | D:5      | Reached XP level 8. HP: 32/68 MP: 8/8
  4255 | D:5      | Reached skill level 8 in Fighting
  4710 | D:5      | Noticed Blork the orc
  4721 | D:5      | Killed Blork the orc
  5272 | D:6      | Reached skill level 1 in Armour
  5343 | D:6      | Gained mutation: You have a pair of horns on your head. [demonic ancestry]
  5343 | D:6      | Reached XP level 9. HP: 68/75 MP: 9/9
  5455 | D:6      | Found a shadowy altar of Dithmenos.
  5596 | D:6      | Noticed Menkaure
  5601 | D:6      | Killed Menkaure
  5639 | D:6      | Found a sacrificial altar of Ru.
  6096 | D:7      | Found a hide-covered altar of Uskayaw.
  6101 | D:7      | Noticed a dagger
  6102 | D:7      | Noticed a hand axe
  6491 | D:7      | Reached skill level 9 in Fighting
  6688 | D:8      | Found a flagged portal.
  6775 | Bailey   | Entered a bailey
  6780 | Bailey   | Noticed an orc warlord
  6881 | Bailey   | Found a runed gate.
  6883 | Bailey   | Found a runed gate.
  6969 | Bailey   | Found a runed gate.
  7065 | Bailey   | Killed an orc warlord
  7065 | Bailey   | Reached skill level 5 in Dodging
  7065 | Bailey   | Reached XP level 10. HP: 83/83 MP: 10/10
  7188 | D:8      | Noticed a two-headed ogre
  7198 | D:8      | Killed a two-headed ogre
  7228 | D:8      | Found a shimmering altar of Xom.
  7792 | D:9      | Noticed Erica
  7805 | D:9      | Reached skill level 10 in Fighting
  7805 | D:9      | Gained mutation: Your magical and physical power is slightly enhanced at high health. [demonic ancestry]
  7805 | D:9      | Reached XP level 11. HP: 92/92 MP: 11/11
  7818 | D:9      | Killed Erica
  7818 | D:9      | Reached skill level 10 in Polearms
  8208 | D:9      | Found a glowing silver altar of Zin.
  8321 | D:9      | Found a glowing golden altar of the Shining One.
  8325 | D:9      | Found an ancient bone altar of Kikubaaqudgha.
  8390 | D:9      | Bought a bloodstained cloak for 361 gold pieces
  8390 | D:9      | Bought a scroll of identify for 76 gold pieces
  8400 | D:9      | Identified the +3 cloak of the Equinox {+Fly Slay+2} (You bought it in a shop on level 9 of the Dungeon)
  8404 | D:10     | Entered Level 10 of the Dungeon
  8442 | D:10     | Noticed Josephine
  8453 | D:10     | Killed Josephine
  8461 | D:10     | Noticed a two-headed ogre
  8571 | D:10     | Reached skill level 11 in Fighting
  8824 | D:10     | You fall through a shaft for 2 floors!
  8825 | D:12     | Gained mutation: A demonic guardian rushes to your aid. [demonic ancestry]
  8825 | D:12     | Reached XP level 12. HP: 100/100 MP: 11/18
  8959 | D:12     | Noticed Sonja
  8966 | D:12     | Killed Sonja
  9300 | D:12     | Reached XP level 13. HP: 49/106 MP: 19/19
  9943 | D:10     | Found a staircase to the Orcish Mines.
 10040 | D:10     | Found Gafudali's Antique Armour Shoppe.
 10048 | D:10     | Bought a scorched ring mail for 252 gold pieces
 10058 | D:10     | Identified the +3 ring mail of the Thunderstorm {rF+++ Str+7 Int-3} (You bought it in a shop on level 10 of the Dungeon)
 10646 | D:11     | Found a staircase to the Lair.
 11015 | D:11     | Reached skill level 12 in Fighting
 11104 | D:11     | Noticed Fannar
 11135 | D:11     | Killed Fannar
 11913 | Lair:1   | Entered Level 1 of the Lair of Beasts
 13113 | Lair:2   | Reached skill level 10 in Dodging
 13539 | Lair:1   | Gained mutation: You are resistant to electric shocks. (rElec) [potion of mutation]
 13539 | Lair:1   | Gained mutation: Scrolls take you a little longer to read. [potion of mutation]
 13539 | Lair:1   | Gained mutation: You possess an exceptional clarity of mind. [potion of mutation]
 13539 | Lair:1   | Gained mutation: Your spells are a little harder to cast, but a little more powerful. [potion of mutation]
 14468 | Lair:3   | HP: 4/109 [four-headed hydra (13)]
 14654 | Lair:4   | Found a staircase to the Snake Pit.
 14780 | Lair:4   | Gained mutation: A powerful demonic guardian rushes to your aid. [demonic ancestry]
 14780 | Lair:4   | Reached XP level 14. HP: 68/116 MP: 20/20
 14793 | Lair:4   | Reached skill level 10 in Armour
 15008 | Lair:4   | Found a staircase to the Swamp.
 15377 | Lair:4   | Reached skill level 13 in Fighting
 15993 | Lair:5   | Learned a level 2 spell: Song of Slaying
 15997 | Lair:5   | Learned a level 3 spell: Confuse
 16346 | Lair:5   | Found a runed door.
 16755 | Lair:6   | Entered Level 6 of the Lair of Beasts
 16970 | Lair:6   | Found a staircase to the Slime Pits.
 18129 | Lair:1   | Bought a pitted glaive for 253 gold pieces
 18129 | Lair:1   | Identified the +3 glaive of Terror {speed, +Blink Int+3 Stlth+} (You bought it in a shop on level 1 of the Lair of Beasts)
 18240 | Orc:1    | Entered Level 1 of the Orcish Mines
 18243 | Orc:1    | Noticed theanonym's ghost (journeyman GrFi)
 18252 | Orc:1    | Killed theanonym's ghost
 18268 | Orc:1    | Gained mutation: When hurt, damage is shared between your health and your magic reserves. [demonic ancestry]
 18268 | Orc:1    | Reached XP level 15. HP: 117/125 MP: 21/21
 18288 | Orc:1    | Found Zaunn's Jewellery Emporium.
 18307 | Orc:1    | Bought the ring "Molae" {Str+9 Slay+2} for 656 gold pieces
 18866 | Orc:2    | Entered Level 2 of the Orcish Mines
 18866 | Orc:2    | Found Qitaus's Antique Armour Emporium.
 18893 | Orc:2    | Bought a faintly glowing scale mail for 243 gold pieces
 18903 | Orc:2    | Identified the +5 scale mail of Wecapt {Int+5 Dex+4} (You bought it in a shop on level 2 of the Orcish Mines)
 19111 | Orc:2    | Noticed TenguReborn's ghost (journeyman TeWz)
 19117 | Orc:2    | Killed TenguReborn's ghost
 19137 | Orc:2    | Found a staircase to the Elven Halls.
 19163 | Orc:2    | Found Midghes's Jewellery Emporium.
 19261 | Orc:2    | Reached skill level 14 in Fighting
 19306 | Orc:2    | Found Wacesein's General Store.
 19340 | Orc:2    | Noticed an orc warlord
 19350 | Orc:2    | Killed an orc warlord
 19505 | Orc:2    | Found Kureap's Antique Weapon Shoppe.
 19684 | Orc:2    | Found a roughly hewn altar of Beogh.
 20019 | Swamp:1  | Entered Level 1 of the Swamp
 20054 | Swamp:1  | Noticed Louise
 20055 | Swamp:1  | Noticed Kirke
 20238 | Swamp:1  | Killed Kirke
 20336 | Swamp:1  | Killed Louise
 21332 | Swamp:2  | You fall through a shaft!
 21346 | Swamp:3  | Noticed a thorn hunter
 21360 | Swamp:3  | Killed a thorn hunter
 21631 | Swamp:3  | Paralysed by a hornet for 1 turns
 22406 | Swamp:4  | Entered Level 4 of the Swamp
 22459 | Swamp:4  | Noticed a thorn hunter
 22472 | Swamp:4  | Killed a thorn hunter
 22472 | Swamp:4  | Gained mutation: You regenerate magic rapidly. [demonic ancestry]
 22472 | Swamp:4  | Reached XP level 16. HP: 124/134 MP: 19/22
 22521 | Swamp:4  | Noticed a thorn hunter
 22534 | Swamp:4  | Killed a thorn hunter
 23098 | Swamp:4  | Reached skill level 15 in Fighting
 23115 | Swamp:4  | Noticed a bone dragon
 23378 | Swamp:4  | Learned a level 3 spell: Regeneration
 23479 | Swamp:4  | Killed a bone dragon
 23479 | Swamp:4  | Reached skill level 1 in Charms
 23889 | Swamp:4  | Got a decaying rune of Zot
 24057 | Snake:1  | Entered Level 1 of the Snake Pit
 24349 | Snake:1  | Reached skill level 5 in Spellcasting
 25999 | Snake:3  | Noticed Jorgrun
 26262 | Snake:3  | Killed Jorgrun
 26438 | Snake:3  | Gained mutation: Your magical and physical power is enhanced at high health. [demonic ancestry]
 26438 | Snake:3  | Reached XP level 17. HP: 142/142 MP: 26/26
 26507 | Snake:3  | Reached skill level 5 in Charms
 27252 | Snake:4  | Entered Level 4 of the Snake Pit
 27372 | Snake:4  | Reached skill level 16 in Fighting
 27376 | Snake:4  | Reached skill level 15 in Polearms
 27683 | Snake:4  | Found Puyt's Food Shop.
 27717 | Snake:4  | Bought a meat ration for 70 gold pieces
 27717 | Snake:4  | Bought a royal jelly for 28 gold pieces
 27717 | Snake:4  | Bought a royal jelly for 28 gold pieces
 27717 | Snake:4  | Bought a royal jelly for 28 gold pieces
 27717 | Snake:4  | Bought a meat ration for 70 gold pieces
 27717 | Snake:4  | Bought a bread ration for 70 gold pieces
 27717 | Snake:4  | Bought a bread ration for 70 gold pieces
 27717 | Snake:4  | Bought a meat ration for 70 gold pieces
 27717 | Snake:4  | Bought a royal jelly for 28 gold pieces
 27976 | Snake:4  | Found Xuxithrin's Distillery.
 27986 | Snake:4  | Bought a potion of curing for 42 gold pieces
 27986 | Snake:4  | Bought a potion of curing for 42 gold pieces
 27998 | Snake:4  | Found Iphidogum's Distillery.
 28098 | Snake:4  | Bought a potion of curing for 36 gold pieces
 28098 | Snake:4  | Bought a potion of heal wounds for 60 gold pieces
 28098 | Snake:4  | Bought a potion of curing for 36 gold pieces
 28098 | Snake:4  | Bought a potion of curing for 36 gold pieces
 28449 | Snake:4  | Found Deimn's Distillery.
 28449 | Snake:4  | Found Tuxez's Food Emporium.
 28464 | Snake:4  | Bought a potion of curing for 45 gold pieces
 28464 | Snake:4  | Bought a potion of heal wounds for 75 gold pieces
 28467 | Snake:4  | Bought a meat ration for 55 gold pieces
 28467 | Snake:4  | Bought a bread ration for 55 gold pieces
 28467 | Snake:4  | Bought a royal jelly for 22 gold pieces
 28467 | Snake:4  | Bought a meat ration for 55 gold pieces
 28467 | Snake:4  | Bought a bread ration for 55 gold pieces
 28467 | Snake:4  | Bought a royal jelly for 22 gold pieces
 28467 | Snake:4  | Bought a meat ration for 55 gold pieces
 28467 | Snake:4  | Bought a meat ration for 55 gold pieces
 29025 | Snake:4  | Reached XP level 18. HP: 90/153 MP: 30/30
 29136 | Snake:4  | Got a serpentine rune of Zot
 29564 | Slime:1  | Entered Level 1 of the Pits of Slime
 29574 | Slime:1  | Lost mutation: Your spells are a little harder to cast, but a little more powerful. [a shining eye]
 29587 | Slime:1  | Gained mutation: You occasionally shout uncontrollably at your foes. [a shining eye]
 29651 | Slime:1  | HP: 7/153 [acid blob/splash of acid (14)]
 29651 | Slime:1  | Splashed by an acid blob's acid

Vault maps used:
D:1:      dpeg_arrival_connections, nemelex_xobeh_ov_fountains_minmay
D:2:      serial_curves, eino_curves_03, eino_curves_04, bloody_makhleb,
          uniq_crazy_yiuf_cottage, uniq_terence
D:3:      lemuel_doored_altar, first_bread, corexii_item_surrounded_by_moat,
          minmay_goblin_kobold_house, uniq_robin, uniq_natasha
D:4:      minmay_temple_entry_large_hall, cheibrodos_sewer_entry_drain,
          uniq_ijyb, uniq_edmund
D:5:      minmay_diamond_boxcup, uniq_blork_the_orc
D:6:      old_standard_altar, nicolae_dithmenos_shadow_blocks, uniq_menkaure
D:7:      dancing_weapons_uskayaw
D:8:      kennysheep_mini, enter_bailey_8, blue_anna_alchemist
D:9:      zin_scriptorium, minitemple, minivault_27, uniq_erica
D:10:     minmay_opposing_rooms, serial_shops, shop, serial_bayou_pond_d,
          uniq_josephine
D:11:     dpeg_oklobed_lair, uniq_fannar
D:12:     nicolae_underground_beach, uniq_sonja
Lair:3:   grunt_megastairs_4
Lair:4:   swamp_mist, minmay_snake_entry_spellcaster, beast_lair_carwin_6,
          grunt_megastairs_5, serial_bayou_shore_b
Lair:5:   pf_torpor_hydra, infiniplex_staircase_pool
Lair:6:   grunt_lair_end_beastmaster, minmay_slime_entry_pillars, minivault_26,
          infiniplex_staircase_pool_2
Swamp:1:  evilmike_swamp_ruin_rubble_2, uniq_kirke, uniq_louise
Swamp:2:  evilmike_swamp_ruin_house_5, swamp_pool5, statue_in_the_mist_lemuel
Swamp:3:  serial_swamp_ruin, evilmike_swamp_ruin_house_6,
          evilmike_swamp_ruin_house_4, swamp_pool1
Swamp:4:  swamp_pestilence
Snake:3:  hangedman_cross_veins, uniq_jorgrun
Snake:4:  snake_pit, serial_shops, nicolae_shop_trees, shop, shop, shop,
          shop_statue, guppyfry_library_mini
Orc:1:    serial_shops, shop, nooodl_orcs_dogs
Orc:2:    grunt_orc_gardens, grunt_orc_garden, grunt_orc_garden,
          grunt_orc_garden, grunt_orc_garden, kennysheep_orc_chapel
Sewer:    sewer_the_crocodile
Bailey:   bailey_axe_bossmonster_kennysheep, bailey

Skill      XL: |  1  2  3  4  5  6  7  8  9 10 11 12 13 14 15 16 17 |
---------------+----------------------------------------------------+-----
Polearms       | 3 4 5 7 8 9 10 12 13 14 15 | 15.6
Fighting       | 3 4 5 7 8 9 10 11 12 13 14 15 16 | 16.7
Armour         | 1 4 6 8 9 11 12 | 12.5
Dodging        | 3 5 7 8 10 11 12 | 12.8
Spellcasting   | 4 6 8 |  8.8
Charms         | 4 7 |  7.6
Throwing       | |  1.7

Action                   |  1- 3 |  4- 6 |  7- 9 | 10-12 | 13-15 | 16-18 || total
-------------------------+-------+-------+-------+-------+-------+-------++-------
Melee: Trident           |   148 |   200 |   471 |   311 |   999 |       ||  2129
       Headbutt          |       |    27 |   108 |    79 |   448 |   208 ||   870
       Glaive            |       |       |       |       |   468 |   934 ||  1402
       Spear             |       |       |       |       |    23 |       ||    23
       Unarmed           |       |       |       |       |    12 |       ||    12
Throw: Throwing net      |       |     2 |     1 |       |       |       ||     3
Invok: Potion Petition   |       |       |     2 |       |     1 |     7 ||    10
       Call Merchant     |       |       |       |     1 |     2 |       ||     3
  Use: Scroll            |       |     6 |     2 |     2 |    14 |     6 ||    30
       Potion            |       |     5 |     1 |     8 |    21 |    11 ||    46
 Stab: Sleeping          |     8 |     3 |     4 |       |     4 |     5 ||    24
       Distracted        |     1 |     3 |     7 |     4 |    22 |    22 ||    59
       Held in net/web   |       |     1 |     1 |       |       |       ||     2
       Petrified         |       |       |       |       |     3 |       ||     3
       Invisible         |       |       |       |       |       |     5 ||     5
  Eat: Chunk             |     3 |     4 |       |       |       |       ||     7
       Royal jelly       |       |       |     4 |     1 |     3 |       ||     8
       Bread ration      |       |       |     1 |     1 |     4 |     4 ||    10
       Fruit             |       |       |     1 |     5 |    18 |     5 ||    29
       Meat ration       |       |       |       |       |     1 |     1 ||     2
Armor: Leather armour    |    35 |    58 |    47 |       |       |       ||   140
       Skin              |       |    36 |       |       |       |       ||    36
       Plate armour      |       |       |   179 |   148 |    43 |       ||   370
       Ring mail         |       |       |       |       |   239 |   123 ||   362
Dodge: Dodged            |    84 |   120 |   213 |   131 |   867 |   492 ||  1907
       Deflected         |       |       |       |       |     5 |       ||     5

Table legend:
 A = Spawn XP
 B = Non-spawn XP
 C = Spawn XP percentage of total XP
 D = Spawn monster count
 E = Non-spawn monster count
 F = Spawn count percentage of total count
 G = Total turns spent on level
                    A         B        C        D         E        F      G
               +---------+---------+-------+---------+---------+-------+---------
         Total |       0 |  277244 |   0.0 |       0 |    1023 |   0.0 | 29651
               +---------+---------+-------+---------+---------+-------+---------
           D:1 |       0 |      37 |   0.0 |       0 |      24 |   0.0 |  1002
           D:2 |       0 |     137 |   0.0 |       0 |      23 |   0.0 |  1146
           D:3 |       0 |     265 |   0.0 |       0 |      47 |   0.0 |   925
           D:4 |       0 |     632 |   0.0 |       0 |      23 |   0.0 |   872
           D:5 |       0 |    1569 |   0.0 |       0 |      31 |   0.0 |  1144
           D:6 |       0 |     690 |   0.0 |       0 |      29 |   0.0 |   836
           D:7 |       0 |     764 |   0.0 |       0 |      15 |   0.0 |   547
           D:8 |       0 |    1324 |   0.0 |       0 |       7 |   0.0 |   657
           D:9 |       0 |    3127 |   0.0 |       0 |      22 |   0.0 |   923
          D:10 |       0 |    6067 |   0.0 |       0 |      45 |   0.0 |  1412
          D:11 |       0 |    6316 |   0.0 |       0 |      50 |   0.0 |  1236
          D:12 |       0 |    3461 |   0.0 |       0 |      19 |   0.0 |   878
        Lair:1 |       0 |    3657 |   0.0 |       0 |      17 |   0.0 |   986
        Lair:2 |       0 |    2660 |   0.0 |       0 |      12 |   0.0 |  1001
        Lair:3 |       0 |    5498 |   0.0 |       0 |      25 |   0.0 |   931
        Lair:4 |       0 |   11461 |   0.0 |       0 |      31 |   0.0 |  1269
        Lair:5 |       0 |    7120 |   0.0 |       0 |      28 |   0.0 |  1013
        Lair:6 |       0 |   21102 |   0.0 |       0 |      71 |   0.0 |  1275
       Swamp:1 |       0 |   12831 |   0.0 |       0 |      34 |   0.0 |   902
       Swamp:2 |       0 |    6944 |   0.0 |       0 |      27 |   0.0 |   460
       Swamp:3 |       0 |   11136 |   0.0 |       0 |      24 |   0.0 |  1109
       Swamp:4 |       0 |   25527 |   0.0 |       0 |      65 |   0.0 |  1526
       Snake:1 |       0 |   12277 |   0.0 |       0 |      24 |   0.0 |   754
       Snake:2 |       0 |   13616 |   0.0 |       0 |      29 |   0.0 |  1282
       Snake:3 |       0 |   28430 |   0.0 |       0 |      57 |   0.0 |  1207
       Snake:4 |       0 |   65686 |   0.0 |       0 |     117 |   0.0 |  2212
       Slime:1 |       0 |    5671 |   0.0 |       0 |      11 |   0.0 |    87
         Orc:1 |       0 |    3964 |   0.0 |       0 |      36 |   0.0 |   645
         Orc:2 |       0 |   13200 |   0.0 |       0 |      53 |   0.0 |   884
         Sewer |       0 |      87 |   0.0 |       0 |       6 |   0.0 |   165
        Bailey |       0 |    1988 |   0.0 |       0 |      21 |   0.0 |   365
               +---------+---------+-------+---------+---------+-------+---------
